 Dungeon Crawl Stone Soup version 0.28-a0-631-g0446da8ef9 (webtiles) character file.

Game seed: 9872337913554102015

609 timneilson the Shield-Bearer (level 7, -9/44 HPs)
             Began as a Gargoyle Fighter on Oct 10, 2021.
             Killed by divine providence
             ... invoked by an orc priest
              (14 damage)
             ... on level 5 of the Dungeon.
             The game lasted 00:06:41 (4114 turns).

timneilson the Shield-Bearer (Gargoyle Fighter)     Turns: 4114, Time: 00:06:42

Health: -9/44      AC: 19    Str: 22    XL:     7   Next: 43%
Magic:  7/7        EV:  8    Int:  8    God:
Gold:   167        SH: 10    Dex:  9    Spells: 6/6 levels left

rFire   . . .      SeeInvis .   p - +0 scimitar
rCold   . . .      Faith    .   c - +0 buckler
rNeg    + . .      Spirit   .   j - +1 chain mail
rPois   ∞          Reflect  +   e - +0 helmet
rElec   +          Harm     .   n - +0 cloak
rCorr   .          Rampage  .   f - +0 pair of gloves
Will    .....                   (no boots)
Stlth   ..........              b - amulet of reflection
HPRegen 0.14/turn               (no ring)
MPRegen 0.10/turn               (no ring)

@: hasted, very quick
A: sickness immunity, AC +4, negative energy resistance 1, electricity
resistance, torment resistance 1, petrification resistance
a: no special abilities


You were on level 5 of the Dungeon.
You visited 1 branch of the dungeon, and saw 5 of its levels.

You collected 167 gold pieces.

Inventory:

Hand Weapons
 a - a +0 long sword
 p - a +0 scimitar (weapon)
Armour
 c - a +0 buckler (worn)
 e - a +0 helmet (worn)
 f - a +0 pair of gloves (worn)
 j - a +1 chain mail (worn)
 m - a +0 plate armour
 n - a +0 cloak (worn)
Jewellery
 b - an amulet of reflection (around neck)
Wands
 r - a wand of iceblast (9)
Scrolls
 h - 3 scrolls of teleportation
 i - a scroll of enchant armour
 k - 2 scrolls of fog {unknown}
 o - a scroll of identify
Potions
 d - 3 potions of might
 l - a potion of flight {unknown}
 q - a potion of attraction {unknown}


   Skills:
 + Level 4.3 Fighting
 * Level 3.9 Long Blades
 * Level 5.3 Armour
 + Level 1.9 Dodging
 * Level 5.4 Shields


You had 6 spell levels left.
You didn't know any spells.
Your spell library contained the following spells:

 Spells                   Type           Power      Damage    Failure   Level
 Magic Dart               Conj           0%         1d3       98%         1
 Call Imp                 Summ           0%         N/A       99%         2
 Gell's Gravitas          Tloc           0%         N/A       100%        3
 Lesser Beckoning         Tloc           0%         N/A       100%        3
 Mephitic Cloud           Conj/Pois/Air  0%         N/A       100%        3
 Teleport Other           Tloc           0%         N/A       100%        3
 Hailstorm                Conj/Ice       0%         3d3       100%        4
 Ice Form                 Ice/Tmut       0%         N/A       100%        4
 Simulacrum               Ice/Necr       0%         N/A       100%        6


Dungeon Overview and Level Annotations

Branches:
Dungeon (5/15)
 Temple: D:4-7

Altars:
Sif Muna
Vehumet

Shops:
D:5 [


Innate Abilities, Weirdness & Mutations

You are immune to sickness and miasma.
Your stone body is resilient. (AC +4)
You are immune to poison.
You resist negative energy. (rN+)
You are resistant to electric shocks. (rElec)
You are resistant to unholy torment.
You are immune to petrification.


Message History

You block the orc's attack. The orc barely misses you.
You closely miss the orc.
The orc is lightly wounded.
The orc hits you with a +0 club. You block the orc's attack.
The orc hits you with a +0 flail! The orc barely misses you.
You hit the orc.
The orc is heavily wounded.
The orc barely misses you. You block the orc's attack.
The orc hits you but does no damage.
You slash the orc!
You kill the orc!
You block the orc's attack. x2
You hit the orc priest.
The orc priest is moderately wounded.
The orc closely misses you. You block the orc's attack.
You block the orc priest's attack.
You closely miss the orc priest.
The orc priest is moderately wounded.
You block the orc's attack. x2; The orc priest barely misses you.
The orc hits you with a +0 flail. The orc hits you but does no damage.
You barely miss the orc priest.
The orc priest is moderately wounded.
The orc priest hits you but does no damage.
You block the orc's attack. The orc hits you but does no damage.
The orc priest hits you with a +0 short sword.
You hit the orc priest but do no damage.
The orc priest is moderately wounded.
You block the orc's attack. x2
The orc priest invokes the aid of Beogh against you.
Beogh smites you!
* * * LOW HITPOINT WARNING * * *
You barely miss the orc priest.
The orc priest is moderately wounded.
You block the orc's attack. x2; You block the orc priest's attack.
You feel yourself speed up. You block the orc's attack.
The orc hits you with a +0 club.
* * * LOW HITPOINT WARNING * * *
The orc priest mumbles some strange prayers to Beogh against you.
Beogh smites you!
You die...

.# ####. ...#.##
..... # ..... ##.
#c#.# ..#. ...
#o#.# .....
####.##@#.####....
......o.o........
####...§.###....
###☼☼?§.# #.#.#
...○._..###.#.#
#.#...○.......#
#.#..☼..###.### #
#.#######†# #.
#..#


You could see a centaur, an orc priest and 2 orcs.

Vanquished Creatures
  2 necrophages
  A kobold brigand (D:5)
  A scorpion (D:5)
  A hound (D:5)
  A jelly (D:5)
  An orc wizard (D:3)
  A hound zombie (D:5)
  4 gnolls (D:3)
  3 adders
  A white imp (D:5)
  An adder skeleton (D:4)
  A worm (D:4)
  6 dart slugs
  5 orcs
  7 ball pythons
  9 endoplasms
  5 giant cockroaches
  11 goblins
  7 hobgoblins
  5 jackals
  7 quokkas
  5 bats
  6 frilled lizards
  11 kobolds
  9 rats
  A spectral goblin (D:3)
112 creatures vanquished.

Vanquished Creatures (others)
  4 toadstools (D:1)
4 creatures vanquished.

Grand Total: 116 creatures vanquished

Notes
Turn   | Place    | Note
-------+----------+-------------------------------------------
     0 | D:1      | timneilson the Gargoyle Fighter began the quest for the
                  | Orb.
     0 | D:1      | Reached XP level 1. HP: 14/14 MP: 1/1
    92 | D:1      | Reached XP level 2. HP: 17/19 MP: 2/2
   370 | D:1      | Reached XP level 3. HP: 13/23 MP: 3/3
  1710 | D:3      | Found a faded altar of an unknown god.
  1717 | D:3      | Reached XP level 4. HP: 28/28 MP: 4/4
  1948 | D:3      | Reached skill level 1 in Dodging
  2138 | D:3      | Reached XP level 5. HP: 33/33 MP: 5/5
  3174 | D:4      | Noticed a necrophage
  3180 | D:4      | Killed a necrophage
  3181 | D:4      | Reached XP level 6. HP: 35/38 MP: 6/6
  3585 | D:4      | Found a shimmering blue altar of Sif Muna.
  3636 | D:5      | Entered Level 5 of the Dungeon
  3650 | D:5      | Reached skill level 5 in Shields
  3690 | D:5      | Found Xiriv's Armour Shop.
  3885 | D:5      | Noticed a necrophage
  3902 | D:5      | Reached skill level 5 in Armour
  3902 | D:5      | Reached XP level 7. HP: 43/43 MP: 7/7
  4086 | D:5      | Found a radiant altar of Vehumet.
  4114 | D:5      | Killed from afar by an orc priest

Illustrated notes

Levels and vault maps discovered:
D:1:      ldierk_walled_garden_2, layout_rooms
D:2:      minmay_inner_zag, layout_loops_cross, kennysheep_generic_room_6
D:3:      minmay_chambers_of_twos, layout_basic,
          dreamdust_ecumenical_altar_drowned_temple
D:4:      layout_rooms, nicolae_sif_muna_little_library
D:5:      layout_loops_ring, fiery_altar_vehumet, temple_green, serial_shops,
          nicolae_diamond_shop

Skill      XL: |  1  2  3  4  5  6 |
---------------+-------------------+-----
Long Blades    | 2 3 |  3.9
Shields        | 4 5 |  5.4
Armour         | 4 5 |  5.3
Dodging        | 1 |  1.9
Fighting       | 4 |  4.3

Action                   |  1- 3 |  4- 6 |  7- 9 || total
-------------------------+-------+-------+-------++-------
Melee: Long sword        |   154 |   219 |    20 ||   393
       Scimitar          |       |       |    29 ||    29
  Use: Scroll            |     6 |     3 |       ||     9
       Potion            |       |     3 |     1 ||     4
Armor: Scale mail        |    51 |       |       ||    51
       Chain mail        |    47 |   119 |    28 ||   194
Dodge: Dodged            |    67 |    77 |    21 ||   165
Block: Buckler           |    31 |    70 |    44 ||   145

Table legend: (Time is in decaauts)
 A = Elapsed time spent in this place.
 B = Non-inter-level travel time spent in this place.
 C = Inter-level travel time spent in this place.
 D = Time resting spent in this place.
 E = Time spent auto-exploring this place.
 F = Levels seen in this place.
 G = Mean time per level.
                   A        B        C        D        E       F      G
               +--------+--------+--------+--------+--------+-----+--------+
         Total |   4233 |   3942 |    291 |    141 |   2802 |   5 |  846.6 |
       Dungeon |   4233 |   3942 |    291 |    141 |   2802 |   5 |  846.6 |
               +--------+--------+--------+--------+--------+-----+--------+

Top non-repeatable levels by time:
     D:3: 1284 daAuts
     D:2: 1086 daAuts
     D:1: 803 daAuts
     D:4: 566 daAuts
     D:5: 492 daAuts
